 Dungeon Crawl Stone Soup version 0.30-a0-1157-g2cc9ac7196 (webtiles) character file.

Game seed: 12805274616096592313

91 qeuew the Slasher (level 4, -2/35 HPs)
             Began as a Demonspawn Chaos Knight on Apr 24, 2023.
             Was a Plaything of Xom.
             Constricted to death by Ijyb (4 damage)
             ... on level 3 of the Dungeon.
             The game lasted 00:01:46 (1679 turns).

qeuew the Slasher (Demonspawn Chaos Knight)         Turns: 1679, Time: 00:01:47

Health: -2/35      AC:  6    Str: 12    XL:     4   Next: 34%
Magic:  4/4        EV:  9    Int: 14    God:    Xom [.....*]
Gold:   125        SH:  0    Dex: 14    Spells: 3/3 levels left

rFire   . . .        a - +1 falchion (chaos)
rCold   . . .        (no shield)
rNeg    . . .        b - +3 leather armour
rPois   .            (helmet restricted)
rElec   .            (no cloak)
rCorr   +            (no gloves)
SInv    .            (no boots)
Will    .....        (no amulet)
Stlth   +            k - ring of resist corrosion
HPRegen 0.25/turn    (no ring)
MPRegen 0.09/turn

%: no passive effects
@: grasped by roots, constricted
A: antennae 1, ignite blood 1, weakness stinger 1
a: Renounce Religion


You were on level 3 of the Dungeon.
You worshipped Xom.
You were Xom's teddy bear.
You visited 1 branch of the dungeon, and saw 3 of its levels.

You collected 125 gold pieces.

Inventory:

Hand Weapons
 a - a +1 falchion of chaos (weapon)
Armour
 b - a +3 leather armour (worn)
Jewellery
 k - a ring of resist corrosion (left hand)
Wands
 g - a wand of digging (5)
Scrolls
 e - a scroll of fog
 f - 2 scrolls of teleportation
Potions
 d - a potion of cancellation
Miscellaneous
 c - a piece from Xom's chessboard (15/15) (quivered)


   Skills:
 + Level 3.3 Fighting
 * Level 3.4 Long Blades
 + Level 2.2 Armour
 * Level 2.1 Dodging
 + Level 1.2 Evocations


You had 3 spell levels left.
You didn't know any spells.
Your spell library contained the following spells:

 Spells                   Type           Power      Damage    Failure   Level
 Inner Flame              Hex/Fire       0%         N/A       73%         3
 Flame Wave               Conj/Fire      0%         2d4       98%         4
 Sticky Flame             Conj/Fire      0%         2d3       98%         4


Dungeon Overview and Level Annotations

Branches:
Dungeon (3/15)

Altars:

Annotations:
D:3 Ijyb


Innate Abilities, Weirdness & Mutations

You have a pair of small antennae on your head.
Your demonic aura sometimes causes spilled blood to erupt in flames.
You have a small tail.


Message History

Ijyb barely misses you.
You hit Ijyb but do no damage.
Ijyb seems to speed up.
Ijyb is moderately wounded.
Ijyb zaps a wand.
The roots erupt in riotous growth!
The grasping roots grab you!
Ijyb is unaffected.
The grasping roots constrict you. Ijyb closely misses you.
The grasping roots constrict you.
You are too injured to fight recklessly!
You are too injured to fight recklessly!
You are too injured to fight recklessly!
You are too injured to fight recklessly!
You are too injured to fight recklessly!
You are too injured to fight recklessly!
You are too injured to fight recklessly!
You are too injured to fight recklessly!
You are too injured to fight recklessly!
Unknown command.
You hit Ijyb but do no damage. Lightning courses through Ijyb!
Your tail-slap misses Ijyb.
Ijyb is almost dead.
Ijyb hits you with a +0 dagger. The grasping roots constrict you.
* * * LOW HITPOINT WARNING * * *
Ijyb drinks a potion.
Ijyb is healed!
The grasping roots constrict you.
* * * LOW HITPOINT WARNING * * *
The grasping roots release their grip on you.
Okay, then.
Okay, then.
You closely miss Ijyb.
Ijyb is heavily wounded.
Ijyb zaps a wand.
The roots erupt in riotous growth!
The grasping roots grab you!
Ijyb is unaffected.
The grasping roots constrict you.
* * * LOW HITPOINT WARNING * * *
You completely miss Ijyb.
Ijyb is heavily wounded.
Ijyb hits you with a +0 dagger.
* * * LOW HITPOINT WARNING * * *
The grasping roots constrict you.
You die...
Xom guffaws!

## .# .# ##.# #g.# ##
###########@.# ..
..........#..# .#
.............###.#
.......).........#
.................#
................## #.
.......(........#....
.....................
.........†...†.....##


You could see Ijyb (fast, agile).

Vanquished Creatures
  An adder (D:3)
  A gnoll (D:1)
  An ufetubus (D:3)
  A worm (D:2)
  3 dart slugs
  5 bats
  An endoplasm (D:2)
  A giant cockroach (D:2)
  9 goblins
  5 hobgoblins
  3 jackals (D:2)
  6 kobolds
  4 quokkas
  6 ball pythons
  4 frilled lizards
  3 rats
54 creatures vanquished.

Notes
Turn   | Place    | Note
-------+----------+-------------------------------------------
     0 | D:1      | qeuew the Demonspawn Chaos Knight began the quest for the
                  | Orb.
     0 | D:1      | Reached XP level 1. HP: 18/18 MP: 1/1
    20 | D:1      | Reached skill level 1 in Dodging
    83 | D:1      | XOM: potion effect (curing)
    83 | D:1      | XOM: smoke on damage
   124 | D:1      | Discovered your monstrous ancestry.
   124 | D:1      | Gained mutation: You have a small tail. [demonic ancestry]
   124 | D:1      | Reached XP level 2. HP: 18/24 MP: 2/2
   415 | D:1      | Gained mutation: Your demonic aura sometimes causes spilled
                  | blood to erupt in flames. [demonic ancestry]
   415 | D:1      | Reached XP level 3. HP: 29/29 MP: 3/3
   485 | D:1      | XOM: silly message
   984 | D:2      | Reached skill level 1 in Evocations
  1349 | D:2      | XOM: god gift: 65 gold pieces
  1374 | D:2      | Gained mutation: You have a pair of small antennae on your
                  | head. [demonic ancestry]
  1374 | D:2      | Reached XP level 4. HP: 35/35 MP: 4/4
  1425 | D:2      | XOM: god gift: scroll labelled OHIRUK WUMATIT {god gift}
  1660 | D:3      | Noticed Ijyb
  1679 | D:3      | Constricted to death by Ijyb

Illustrated notes

Levels and vault maps discovered:
D:1:      dpeg_arrival_arbitrary_b, layout_basic, serial_park_tiny_2
D:2:      layout_loops_ring, minmay_domino_4
D:3:      layout_rooms, mainiacjoe_overflow_brackets,
          nicolae_ecumenical_snake_handling, item_on_display_a, uniq_ijyb

Skill      XL: |  1  2  3  4 |
---------------+-------------+-----
Dodging        | 1 2 |  2.1
Long Blades    | 3 |  3.4
Armour         | 2 |  2.2
Evocations     | 1 |  1.2
Fighting       | |  3.3

Action                     |  1- 3 |  4- 6 || total
---------------------------+-------+-------++-------
  Melee: Falchion          |   126 |    46 ||   172
         Tailslap          |    14 |     6 ||    20
    Use: Scroll            |     1 |     5 ||     6
         Potion            |       |     1 ||     1
   Stab: Sleeping          |     1 |     1 ||     2
 Armour: Leather armour    |    63 |    32 ||    95
  Dodge: Dodged            |    81 |    38 ||   119

Table legend: (Time is in decaauts)
 A = Elapsed time spent in this place.
 B = Non-inter-level travel time spent in this place.
 C = Inter-level travel time spent in this place.
 D = Time resting spent in this place.
 E = Time spent auto-exploring this place.
 F = Levels seen in this place.
 G = Mean time per level.
                   A        B        C        D        E       F      G
               +--------+--------+--------+--------+--------+-----+--------+
         Total |   1702 |   1605 |     97 |      0 |   1249 |   3 |  567.3 |
       Dungeon |   1702 |   1605 |     97 |      0 |   1249 |   3 |  567.3 |
               +--------+--------+--------+--------+--------+-----+--------+

Top non-repeatable levels by time:
     D:1: 900 daAuts
     D:2: 706 daAuts
     D:3: 94 daAuts
